 Dungeon Crawl Stone Soup version 0.29.1-1-gd02db6906a (webtiles) character file.

Game seed: 16585800515018785157

11 Hadkhar the Conjurer (level 2, 0/15 HPs)
             Began as a Deep Elf Conjurer on Oct 8, 2022.
             Slain by a jackal (2 damage)
             ... on level 1 of the Dungeon.
             The game lasted 00:02:45 (330 turns).

Hadkhar the Conjurer (Deep Elf Conjurer)             Turns: 330, Time: 00:02:45

Health: 0/15       AC:  2    Str:  4    XL:     2   Next: 17%
Magic:  4/8        EV: 12    Int: 22    God:
Gold:   0          SH:  0    Dex: 13    Spells: 6/7 levels left

rFire   . . .      SeeInvis .   d - +0 falchion
rCold   . . .      Faith    .   (no shield)
rNeg    . . .      Spirit   .   a - +0 robe
rPois   .          Reflect  .   (no helmet)
rElec   .          Harm     .   (no cloak)
rCorr   .          Rampage  .   (no gloves)
Will    .....                   (no boots)
Stlth   ++........              (no amulet)
HPRegen 0.05/turn               (no ring)
MPRegen 0.11/turn               (no ring)

@: very slightly contaminated
A: no striking features
a: no special abilities


You were on level 1 of the Dungeon.
You visited 1 branch of the dungeon, and saw 1 of its levels.

Inventory:

Hand Weapons
 d - a +0 falchion (weapon)
Armour
 a - a +0 robe (worn)
Scrolls
 c - a scroll of teleportation {unknown}
Potions
 b - a potion of magic
 e - a potion of heal wounds {unknown}
 f - 2 potions of attraction {unknown}


   Skills:
 + Level 2.6 Dodging
 + Level 2.7 Stealth
 * Level 3.4 Spellcasting
 + Level 4.5 Conjurations


You had 6 spell levels left.
You knew the following spells:

 Your Spells              Type           Power      Damage    Failure   Level
a - Magic Dart            Conj           92%        1d7       1%          1

Your spell library contained the following spells:

 Spells                   Type           Power      Damage    Failure   Level
 Searing Ray              Conj           46%        2d6       2%          2
 Dazzling Flash           Conj/Hex       26%        N/A       14%         3
 Fulminant Prism          Conj/Hex       6%         3d7       43%         4
 Iskenderun's Mystic Bla  Conj/Tloc      13%        2d5       43%         4


Dungeon Overview and Level Annotations

Branches:
Dungeon (1/15)

Altars:


Message History

The jackal is severely wounded.
You closely miss the jackal. The kobold hits you with a +0 club.
The jackal barely misses you. The kobold hits you with a +0 club.
The jackal bites you but does no damage.
You hit the jackal.
The jackal is heavily wounded.
The jackal completely misses you. The kobold hits you with a +0 club.
You closely miss the jackal.
The jackal is heavily wounded.
The jackal misses you. The kobold barely misses you. The jackal bites you.
* * * LOW HITPOINT WARNING * * *
Aiming: Magic Dart (safe; 1% risk of failure)
Press: ? - help, Q - select action Shift-Dir - straight line, f - kobold
Aim: a kobold, wielding a +0 club (100% to hit)
You miscast Magic Dart.
You are very lightly contaminated with residual magic.
Nothing appears to happen.
The jackal barely misses you. The kobold misses you. The jackal misses you.
Aiming: Magic Dart (safe; 1% risk of failure)
Press: ? - help, Q - select action Shift-Dir - straight line, f/p - kobold
Aim: a kobold, wielding a +0 club (100% to hit)
The magic dart hits the kobold.
You kill the kobold!
The jackal closely misses you.
Aiming: Magic Dart (safe; 1% risk of failure)
Press: ? - help, Q - select action Shift-Dir - straight line, f - jackal
Aim: a jackal (severely wounded, 100% to hit)
The magic dart hits the jackal.
You kill the jackal!
The jackal bites you.
* * * LOW HITPOINT WARNING * * *
Aiming: Magic Dart (safe; 1% risk of failure)
Press: ? - help, Q - select action Shift-Dir - straight line, f - jackal
Aim: a jackal (moderately wounded, 100% to hit)
The magic dart hits the jackal.
The jackal is almost dead.
The jackal bites you.
* * * LOW HITPOINT WARNING * * *
The jackal bites you.
You die...

#.######...##.#### #.#
##.###.# #.####
#.###.#####... #....#
#............#
##†...#######..######.#
#.......#####.####†##
#...................#
#.......####..##.#.#..#
###...### #....@))...#
###...# #..##h#.#..#
.....## #..###....
###.## #..# .....# #...
.... ....... #####
##... .....## #...
...... #.... ......


You could see a jackal.

Vanquished Creatures
  An endoplasm (D:1)
  3 goblins (D:1)
  A jackal (D:1)
  A ball python (D:1)
  2 bats (D:1)
  A frilled lizard (D:1)
  2 kobolds (D:1)
  A rat (D:1)
12 creatures vanquished.

Notes
Turn   | Place    | Note
-------+----------+-------------------------------------------
     0 | D:1      | Hadkhar the Deep Elf Conjurer began the quest for the Orb.
     0 | D:1      | Reached XP level 1. HP: 10/10 MP: 6/6
   299 | D:1      | Reached XP level 2. HP: 15/15 MP: 6/8
   330 | D:1      | Slain by a jackal

Illustrated notes

Levels and vault maps discovered:
D:1:      minmay_arrival_four_houses, layout_loops_ring,
          chequers_ecumenical_altar_lobes

Action                   || total
-------------------------++-------
Melee: Falchion          ||     7
 Cast: Magic Dart        ||    16
Armor: Robe              ||     2
Dodge: Dodged            ||    10
